 Dungeon Crawl Stone Soup version bcrawl-1.21.2-28-g2cb1824106 (webtiles) character file.

Game seed: 9759736935627732097

281 Freyura the Conjurer (level 6, -2/36 HPs)
             Began as a Fairy Conjurer on Mar 22, 2020.
             Was an Initiate of Sif Muna.
             Killed by divine providence
             ... invoked by an orc priest
              (17 damage)
             ... on level 4 of the Dungeon.
             The game lasted 00:11:26 (2923 turns).

Freyura the Conjurer (Fairy Conjurer)               Turns: 2923, Time: 00:11:27

Health: -2/36      AC:  6    Str:  6    XL:     6   Next: 27%
Magic:  11/16      EV: 17    Int: 21    God:    Sif Muna [......]
Gold:   183        SH:  5    Dex: 12    Spells: 11/15 levels left

rFire    . . .     SeeInvis .   (weapon restricted)
rCold    . . .     Gourm    .   (shield restricted)
rNeg     . . .     Faith    +   (armour unavailable)
rPois    .         Spirit   .   (no helmet)
rElec    .         Reflect  .   (no cloak)
rCorr    .         Harm     .   (no gloves)
MR       .....                  a - +0 pair of boots
Stlth    +.........             n - amulet of faith
HPRegen  0.12/turn              (no ring)
MPRegen  0.15/turn              (no ring)

@: flying evasively, very slightly contaminated
A: small, magic attunement, unstealthy, unfitting armour, able to fly, AC/SH +5
a: Stop Flying, Divine Energy, Renounce Religion


You were on level 4 of the Dungeon.
You worshipped Sif Muna.
Sif Muna was noncommittal.
You were not hungry.

You visited 2 branches of the dungeon, and saw 5 of its levels.

You collected 183 gold pieces.

Inventory:

Armour
 a - a +0 pair of boots (worn)
Jewellery
 n - an amulet of faith (around neck)
Scrolls
 m - 2 scrolls of remove curse
Potions
 b - a potion of magic
 d - a potion of berserk rage {unknown}
 f - 3 potions of curing
 g - a potion of lignification
 h - 2 potions of resistance
 i - 2 potions of might
 k - 2 potions of flight {unknown}
 l - a potion of mutation {unknown}
Comestibles
 e - 5 rations {!d}


   Skills:
 - Level 4.2 Dodging
 - Level 1.5 Stealth
 * Level 5.4 Spellcasting
 * Level 6.8 Conjurations


You had 11 spell levels left.
You knew the following spells:

 Your Spells              Type           Power        Failure   Level  Hunger
a - Magic Dart            Conj           ####         1%          1    None
b - Iskenderun's Mystic   Conj           ####....     1%          3    None

Your spell library contained the following spells:

 Spells                   Type           Power        Failure   Level  Hunger
 Searing Ray              Conj           ####....     1%          2    None
 Fulminant Prism          Conj/Hex       ###.......   26%         4    None
 Irradiate                Conj/Tmut      ###.......   56%         5    None


Dungeon Overview and Level Annotations

Branches:
Dungeon (4/12)             Temple (1/1) D:4

Altars:
Ashenzari
Cheibriados
Dithmenos
Fedhas
Gozag
Kikubaaqudgha
Lugonu
Makhleb
Nemelex Xobeh
Okawaru
Qazlal
Sif Muna
Uskayaw
Vehumet
Wu Jian
Xom
Zin
The Shining One

Annotations:
D:4 Blork the orc, Sigmund


Innate Abilities, Weirdness & Mutations

Your spells do not cause hunger and MP costs are reduced by 1.
Your bright wings attract enemies. (Stealth-)
You cannot fit into any form of body armour.
Your shimmering scales are hard and can block incoming attacks. (AC +5, SH +5)
You are small and have problems with some larger weapons.
You can fly continuously.


Message History

Casting: Iskenderun's Mystic Blast (safe; 1% risk of failure)
Confirm with . or Enter, or press ? or * to list all spells.
Aiming: Iskenderun's Mystic Blast (safe; 1% risk of failure)
Press: ? - help, Shift-Dir - straight line, f/p - orc priest
Aim: an orc priest, wielding a +0 short sword (moderately wounded)
The orb of energy hits the orc priest.
The orc priest is heavily wounded.
The orb of energy explodes!
You hear a shout!
The mystic blast hits the worm!
The worm is severely wounded.
The mystic blast hits the orc!
You kill the orc!
Sif Muna accepts your kill.
The mystic blast hits the orc!
You kill the orc!
Sif Muna accepts your kill.
The orc priest calls down the wrath of Beogh upon you.
Beogh smites you!
You die...

. #########
#@).....#
##o)_..##
..w.....P..
..........PP.
#.....###.)P..
##..P.. ..P#.
##.... ..#
##... .##


You could see a worm and an orc priest.

Vanquished Creatures
  2 crimson imps
  An orc priest (D:3)
  2 orc wizards
  4 adders
  2 worms (D:3)
  2 leopard geckos
  15 orcs
  A ball python (D:3)
  2 giant cockroaches (D:4)
  7 goblins
  11 hobgoblins
  A jackal (D:1)
  A quokka (D:1)
  5 bats
  A frilled lizard (D:3)
  9 kobolds
  5 rats
71 creatures vanquished.

Notes
Turn   | Place    | Note
-------+----------+-------------------------------------------
     0 | D:1      | Freyura the Fairy Conjurer began the quest for the Orb.
     0 | D:1      | Reached XP level 1. HP: 11/11 MP: 6/6
   107 | D:1      | Reached skill level 5 in Conjurations
   171 | D:1      | Reached XP level 2. HP: 17/17 MP: 8/8
   791 | D:2      | Reached XP level 3. HP: 21/21 MP: 9/9
   831 | D:2      | Found a stormy altar of Qazlal.
  1028 | D:2      | Reached XP level 4. HP: 27/27 MP: 11/11
  1033 | D:2      | Learned a level 3 spell: Iskenderun's Mystic Blast
  1131 | D:2      | Found a glowing golden altar of the Shining One.
  1587 | D:3      | Reached skill level 6 in Conjurations
  1622 | D:3      | Reached XP level 5. HP: 26/31 MP: 13/13
  1731 | D:3      | Reached skill level 5 in Spellcasting
  1992 | D:3      | Found a blossoming altar of Fedhas.
  1992 | D:3      | Found a shimmering blue altar of Sif Muna.
  1996 | D:3      | Became a worshipper of Sif Muna the Loreminder
  2223 | D:3      | Found an ornate altar of the Wu Jian Council.
  2421 | D:4      | Noticed Blork the orc
  2429 | D:4      | Reached XP level 6. HP: 25/36 MP: 15/15
  2440 | D:4      | Noticed Sigmund
  2448 | D:4      | Found a staircase to the Ecumenical Temple.
  2456 | Temple   | Entered the Ecumenical Temple
  2916 | D:4      | Found an ancient bone altar of Kikubaaqudgha.
  2923 | D:4      | Killed from afar by an orc priest

Skill      XL: |  1  2  3  4  5 |
---------------+----------------+-----
Conjurations   | 5 6 |  6.8
Spellcasting   | 3 4 5 |  5.4
Dodging        | 3 4 |  4.2
Stealth        | |  1.5

Action                   |  1- 3 |  4- 6 || total
-------------------------+-------+-------++-------
Melee: Unarmed           |       |     5 ||     5
 Cast: Magic Dart        |    61 |   122 ||   183
       Iskenderun's Myst |       |     2 ||     2
  Use: Scroll            |       |    10 ||    10
  Eat: Chunk             |       |     4 ||     4
       Ration            |       |     1 ||     1
Armor: Skin              |     1 |     8 ||     9
Dodge: Dodged            |     9 |    56 ||    65
Block: Other             |     1 |    10 ||    11
